 Dungeon Crawl Stone Soup version 0.19-a0-1065-gdac414d (webtiles) character file.

64008 Gagarin the Carver (level 14, -5/116 HPs)
             Began as a Demonspawn Gladiator on Aug 3, 2016.
             Was the Champion of Okawaru.
             Slain by a titanic slime creature (77 damage)
             ... on level 11 of the Dungeon.
             The game lasted 01:40:16 (24476 turns).

Gagarin the Carver (Demonspawn Gladiator)          Turns: 24476, Time: 01:40:17

Health: -5/116     AC: 20    Str: 26    XL:     14   Next: 70%
Magic:  0/16       EV: 23    Int: 14    God:    Okawaru [******]
Gold:   1457       SH:  2    Dex: 21    Spells: 1 memorised, 11 levels left

rFire  . . .     SeeInvis +     V - +4 triple sword (slice)
rCold  + . .     Gourm    .     d - +3 leather armour of Too Many Cooks {rPois Dex+5}
rNeg   . . .     Faith    .     (shield currently unavailable)
rPois  +         Spirit   +     c - +0 helmet
rElec  .         Dismiss  .     I - +0 cloak of the Wilderness {rC+ Regen+ Int+4}
rCorr  .         Reflect  +     k - +1 pair of gloves {Str+3}
SustAt .         Harm     .     (boots unavailable)
MR     +....                    Y - +2 amulet of reflection
Stlth  ++++......               b - +5 ring of strength
                                g - ring of see invisible

@: sanguine armour
A: talons 3, demonic guardian 2, magic shield, sanguine armour 2
a: Heroism, Finesse, Renounce Religion


You were on level 11 of the Dungeon.
You worshipped Okawaru.
Okawaru was exalted by your worship.
You were not hungry.

You visited 3 branches of the dungeon, and saw 18 of its levels.
You also visited: Labyrinth.

You collected 1457 gold pieces.

Inventory:

Hand Weapons
 V - a +4 triple sword of slicing (weapon)
 Z - a +0 blowgun
Missiles
 e - 6 needles of sleeping
 o - 12 needles of confusion
 J - 3 poisoned javelins (quivered)
 M - 75 poisoned needles
 R - 4 silver javelins
Armour
 c - a +0 helmet (worn)
 d - the +3 leather armour of Too Many Cooks (worn) {rPois Dex+5}
   (You found it on level 4 of the Dungeon)

   It affects your dexterity (+5).
   It protects you from poison.
 k - a +1 pair of gloves of strength (worn)
 y - a troll hide
 I - the +0 cloak of the Wilderness (worn) {rC+ Regen+ Int+4}
   (Okawaru gifted it to you on level 11 of the Dungeon)

   It affects your intelligence (+4).
   It protects you from cold.
   It increases your rate of regeneration.
 L - a +1 cloak of poison resistance
Magical Staves
 q - an uncursed staff of fire {unknown}
Jewellery
 b - a +5 ring of strength (right hand)
 g - a ring of see invisible (left hand)
 Y - a +2 amulet of reflection (around neck)
Wands
 l - a wand of iceblast (7/15)
 m - a wand of disintegration (14/24)
 D - a wand of hasting (3/9)
 F - a wand of lightning (3/15)
 H - a wand of polymorph (12/24)
 Q - a wand of paralysis (3/24)
Scrolls
 i - 10 scrolls of identify
 j - 2 scrolls of magic mapping
 t - a scroll of recharging
 u - 4 scrolls of teleportation
 v - 10 scrolls of remove curse
 x - 2 scrolls of noise
 C - a scroll of amnesia
 E - a scroll of summoning
 G - a scroll of fear
 N - a scroll of enchant armour {unknown}
 T - 3 scrolls of fog
 U - 2 scrolls of blinking {unknown}
 X - a scroll of vulnerability {unknown}
Potions
 h - 3 potions of lignification
 n - 5 potions of brilliance
 p - 10 potions of curing
 r - a potion of invisibility {unknown}
 s - 2 potions of beneficial mutation {unknown}
 z - 2 potions of flight {unknown}
 A - 2 potions of haste {unknown}
 O - a potion of agility {unknown}
Miscellaneous
 K - a box of beasts
Comestibles
 a - 19 chunks of flesh
 f - 16 bread rations
 w - 8 beef jerkies
 B - 9 meat rations
 P - a slice of pizza
 W - 10 fruits


   Skills:
 + Level 12.4 Fighting
 + Level 13.5 Long Blades
   Level 0.5 Bows
 + Level 5.5 Throwing
 + Level 5.5 Armour
 + Level 12.6 Dodging
 + Level 7.8 Stealth
 + Level 3.9 Invocations
 + Level 1.1 Evocations


You had 11 spell levels left.
You knew the following spells:

 Your Spells              Type           Power        Failure   Level  Hunger
a - Passwall              Tmut/Erth      #.........   50%         2    ###....


Dungeon Overview and Level Annotations

Branches:
Dungeon (11/15)            Temple (1/1) D:6            Lair (6/6) D:9
 Shoals (0/4) Lair:2       Spider (0/4) Lair:4        Slime (0/5) Lair:5
    Orc: D:9-12

Altars:
Ashenzari
Cheibriados
Dithmenos
Elyvilon
Fedhas
Gozag
Hepliaklqana
Kikubaaqudgha
Makhleb
Nemelex Xobeh
Okawaru
Pakellas
Qazlal
Ru
Sif Muna
Trog
Uskayaw
Vehumet
Xom
Yredelemnul
Zin
The Shining One
Beogh
Jiyva

Shops:
D:7 (


Innate Abilities, Weirdness & Mutations

You have claws for feet.
A demonic guardian rushes to your aid.
When hurt, damage is shared between your health and your magic reserves.
When seriously injured, your bleeding wounds create thick armour. (AC +9)


Message History

The large slime creature hits you!
A large slime creature splits.
The large slime creature hits you!!!
Your blood congeals into armour.
You slice the large slime creature!! You claw the large slime creature.
The large slime creature is severely wounded.
Two slime creatures merge to form a very large slime creature.
Two slime creatures merge to form an enormous slime creature.
Two slime creatures merge to form a titanic slime creature.
You chop the titanic slime creature into pieces!!!
You claw the titanic slime creature, but do no damage.
The titanic slime creature is heavily wounded.
You hear a shout!
You slice the titanic slime creature!!
Your kick misses the titanic slime creature.
The titanic slime creature is heavily wounded.
You slice the titanic slime creature!!
You claw the titanic slime creature, but do no damage.
The titanic slime creature is severely wounded.
The titanic slime creature hits you!!!!
Ouch! That really hurt!
You die...

)........##..
#....(...#
#........#
#.##........#
#........#
#..'........###.<#
##'#######
##........'...#
#.# #........#####
#.. ###'###### ###
##..# #..##
########+ #@##
#<....... #J#
#........


.sJ #........ ..... ......... ##....> #........ #...... ######### ######## You
could see a titanic slime creature, a slime creature and a scorpion.

Vanquished Creatures
  2 hydras (Lair:5)
  3 catoblepae (Lair:6)
  16 death yaks
  The ghost of Aquadorian the Carver, a novice HOWn of Beogh (D:9)
  The ghost of crawlian the Destroyer, a novice DEFE of Vehumet (D:11)
  An unseen horror (D:11)
  A manticore (Lair:5)
  4 griffons
  An ugly thing (D:11)
  15 elephants
  4 black mambas
  Psyche (D:8)
  9 spiny frogs
  4 komodo dragons
  9 rime drakes
  A troll (D:11)
  2 ice devils (Lair:2)
  4 polar bears
  17 blink frogs
  A boulder beetle (Lair:6)
  70 yaks
  7 wyverns
  Eustachio (D:4)
  3 hungry ghosts
  9 basilisks
  Grum (D:9)
  15 hippogriffs
  Menkaure (D:4)
  11 water moccasins
  A hell hound (Lair:5)
  4 porcupines
  2 sky beasts
  3 phantoms
  3 ice beasts
  10 orc warriors
  A black bear (Lair:3)
  7 centaurs
  8 ogres
  8 wolves
  9 crocodiles
  5 big kobolds
  20 giant frogs
  5 scorpions
  8 killer bees
  10 wights
  A howler monkey (D:4)
  4 electric eels
  8 crimson imps
  3 jellies
  A quasit (D:10)
  2 giant frog zombies
  2 centaur skeletons
  4 hounds
  5 orc priests
  A giant frog skeleton (D:11)
  5 orc wizards
  Ijyb (D:2)
  8 iguanas
  9 worker ants
  14 sheep
  A hound zombie (D:4)
  2 hound skeletons (D:9)
  Robin (D:2)
  14 gnolls
  14 adders
  51 river rats
  4 shadow imps
  3 oozes
  An adder zombie (D:5)
  4 adder skeletons
  8 worms
  3 dart slugs
  6 giant geckos
  67 orcs
  12 bats
  7 giant cockroaches
  12 goblins
  12 hobgoblins
  20 jackals
  44 kobolds
  2 quokkas
  5 ball pythons
  A giant gecko skeleton (D:4)
  8 giant newts
  4 rats
  A fungus (Lair:5)
694 creatures vanquished.

Vanquished Creatures (collateral kills)
  A minotaur (Lab)
  A hydra (Lair:3)
  3 death yaks (Lair:6)
  A griffon (Lair:6)
  Joseph (D:8)
  A rime drake (Lair:5)
  A troll (D:11)
  3 blink frogs
  A two-headed ogre (D:6)
  6 yaks
  A hungry ghost (D:8)
  4 hippogriffs
  A wolf (D:9)
  A centaur (D:8)
  A big kobold (D:5)
  A wight (D:8)
  An orc priest (D:3)
  An orc wizard (D:6)
  2 worker ants (D:4)
  A hound skeleton (D:9)
  A river rat (Lair:4)
  2 orcs
  A hobgoblin (D:2)
  A kobold (D:8)
38 creatures vanquished.

Vanquished Creatures (others)
  18 fungi
  17 plants
35 creatures vanquished.

Grand Total: 767 creatures vanquished

Notes
Turn   | Place    | Note
-------+----------+-------------------------------------------
     0 | D:1      | Gagarin the Demonspawn Gladiator began the quest for the Orb.
     0 | D:1      | Reached XP level 1. HP: 16/16 MP: 1/1
   298 | D:1      | Gained mutation: A weak demonic guardian rushes to your aid. [demonic ancestry]
   298 | D:1      | Reached XP level 2. HP: 22/22 MP: 2/2
   796 | D:1      | Reached skill level 3 in Long Blades
   885 | D:1      | Gained mutation: You have sharp toenails. [demonic ancestry]
   885 | D:1      | Reached XP level 3. HP: 28/28 MP: 3/3
  1589 | D:2      | Noticed Robin
  1625 | D:2      | Killed Robin
  1625 | D:2      | Reached XP level 4. HP: 19/34 MP: 4/4
  1856 | D:2      | Found a sparkling altar of Nemelex Xobeh.
  2014 | D:2      | Noticed Ijyb
  2027 | D:2      | Killed Ijyb
  2027 | D:2      | Reached skill level 1 in Armour
  2325 | D:3      | HP: 1/35 [orc/club (5)]
  2332 | D:2      | Reached XP level 5. HP: 14/41 MP: 5/5
  2673 | D:3      | Found a stormy altar of Qazlal.
  2991 | D:3      | Found a glowing silver altar of Zin.
  3093 | D:3      | Reached skill level 1 in Stealth
  3634 | D:4      | Noticed Menkaure
  3648 | D:4      | Killed Menkaure
  3648 | D:4      | Gained mutation: When hurt, damage is shared between your health and your magic reserves. [demonic ancestry]
  3648 | D:4      | Reached XP level 6. HP: 21/47 MP: 6/6
  4001 | D:4      | Noticed an ice beast
  4018 | D:4      | Killed an ice beast
  4256 | D:4      | Found an opulent altar of Gozag.
  4282 | D:4      | Noticed Eustachio
  4293 | D:4      | Killed Eustachio
  4293 | D:4      | Reached skill level 4 in Long Blades
  4293 | D:4      | Gained mutation: When seriously injured, your bleeding wounds create armour. (AC +9) [demonic ancestry]
  4293 | D:4      | Reached XP level 7. HP: 54/54 MP: 7/7
  4296 | D:4      | Got a heavily runed leather armour
  4312 | D:4      | Identified the +3 leather armour of Too Many Cooks {rPois Dex+5} (You found it on level 4 of the Dungeon)
  4373 | D:4      | Reached skill level 5 in Dodging
  4932 | D:5      | Entered Level 5 of the Dungeon
  4983 | D:5      | Found an ancient bone altar of Kikubaaqudgha.
  5538 | D:5      | Found a shattered altar of Ashenzari.
  5671 | D:5      | Found a burning altar of Makhleb.
  5934 | D:5      | Gained mutation: When seriously injured, your bleeding wounds create thick armour. (AC +9) [demonic ancestry]
  5934 | D:5      | Reached XP level 8. HP: 61/61 MP: 8/8
  5953 | D:5      | Reached skill level 5 in Long Blades
  5968 | D:5      | Reached skill level 5 in Fighting
  6400 | D:6      | Noticed a two-headed ogre
  6408 | D:6      | Killed a two-headed ogre
  6483 | D:6      | Found a shimmering altar of Xom.
  6654 | D:6      | Found a staircase to the Ecumenical Temple.
  6662 | Temple   | Entered the Ecumenical Temple
  6760 | Temple   | Became a worshipper of Warmaster Okawaru
  6945 | D:6      | Found a bloodstained altar of Trog.
  7397 | D:6      | Found a radiant altar of Vehumet.
  7440 | D:7      | Reached XP level 9. HP: 61/68 MP: 9/9
  7470 | D:7      | Reached * piety under Okawaru
  7612 | D:7      | Found an ancient bone altar of Kikubaaqudgha.
  7668 | D:7      | Reached skill level 6 in Long Blades
  7938 | D:7      | Found Racwiuvi's Antique Weapon Shop.
  8292 | D:7      | Found a shadowy altar of Dithmenos.
  8603 | D:8      | Noticed Psyche
  8612 | D:8      | Killed Psyche
  8612 | D:8      | Reached ** piety under Okawaru
  8758 | D:8      | Reached skill level 7 in Long Blades
  8841 | D:8      | Gained mutation: You have razor-sharp toenails. [demonic ancestry]
  8841 | D:8      | Reached XP level 10. HP: 62/77 MP: 10/10
  8892 | D:8      | Noticed Joseph
  8901 | D:8      | Killed Joseph
  8901 | D:8      | Reached *** piety under Okawaru
  9048 | D:8      | Found a basalt altar of Yredelemnul.
  9617 | D:9      | Found a staircase to the Lair.
  9805 | D:9      | Noticed Grum
  9827 | D:9      | Killed Grum
  9985 | D:9      | Noticed Aquadorian's ghost (novice HOWn)
 10292 | D:9      | Found a runed door.
 10378 | D:9      | Reached skill level 8 in Long Blades
 10391 | D:9      | Reached **** piety under Okawaru
 10444 | D:9      | Found a roughly hewn altar of Beogh.
 10449 | D:9      | Reached skill level 5 in Stealth
 10534 | D:9      | Found an oddly glowing altar of Pakellas.
 10891 | Lair:1   | Entered Level 1 of the Lair of Beasts
 10948 | Lair:1   | Noticed a spiny frog
 10969 | Lair:1   | Killed a spiny frog
 10969 | Lair:1   | Reached skill level 1 in Invocations
 11170 | Lair:1   | Reached XP level 11. HP: 86/86 MP: 11/11
 11185 | Lair:1   | Received a gift from Okawaru
 11409 | Lair:1   | Reached skill level 9 in Long Blades
 11716 | Lair:1   | Reached ***** piety under Okawaru
 12384 | Lair:2   | Received a gift from Okawaru
 12463 | Lair:2   | Received a gift from Okawaru
 12618 | Lair:2   | Reached skill level 10 in Long Blades
 12670 | Lair:2   | Found a staircase to the Shoals.
 12678 | Lair:2   | Found a frozen archway.
 12693 | Lair:2   | Reached skill level 10 in Dodging
 12789 | Lair:2   | Reached XP level 12. HP: 67/96 MP: 8/13
 13257 | Lair:3   | Noticed a death yak
 13264 | Lair:3   | Noticed a death yak
 13264 | Lair:3   | Noticed a death yak
 13291 | Lair:2   | Killed a death yak
 13301 | Lair:3   | Killed a death yak
 13308 | Lair:3   | Killed a death yak
 14176 | Lair:3   | Noticed a five-headed hydra
 14185 | Lair:3   | Killed a five-headed hydra
 14466 | Lair:3   | Received a gift from Okawaru
 14751 | Lair:3   | Reached skill level 11 in Long Blades
 15074 | Lair:4   | Reached skill level 10 in Fighting
 15928 | Lair:4   | Found a hole to the Spider Nest.
 16760 | Lair:5   | Gained mutation: You have claws for feet. [demonic ancestry]
 16760 | Lair:5   | Reached XP level 13. HP: 94/104 MP: 11/14
 16882 | Lair:5   | Found a staircase to the Slime Pits.
 16883 | Lair:5   | Found a viscous altar of Jiyva.
 16976 | Lair:5   | Received a gift from Okawaru
 17052 | Lair:5   | Reached skill level 5 in Throwing
 17055 | Lair:5   | Received a gift from Okawaru
 17486 | D:9      | Killed Aquadorian's ghost
 17963 | Lair:5   | Reached skill level 1 in Evocations
 17968 | Lair:5   | Reached skill level 5 in Armour
 19087 | Lair:6   | Entered Level 6 of the Lair of Beasts
 19147 | Lair:5   | Reached skill level 12 in Long Blades
 20002 | Lair:6   | Received a gift from Okawaru
 20229 | Lair:6   | Received a gift from Okawaru
 20375 | Lair:6   | Reached ****** piety under Okawaru
 20375 | Lair:6   | Gained mutation: A demonic guardian rushes to your aid. [demonic ancestry]
 20375 | Lair:6   | Reached XP level 14. HP: 88/113 MP: 6/16
 20396 | Lair:6   | Received a gift from Okawaru
 21301 | Lair:6   | Reached skill level 13 in Long Blades
 22127 | D:9      | Found a roughly hewn altar of Beogh.
 22145 | D:9      | Found an oddly glowing altar of Pakellas.
 22787 | D:10     | Entered Level 10 of the Dungeon
 23292 | D:11     | Received a gift from Okawaru
 23328 | D:11     | Found a labyrinth entrance.
 23363 | Lab      | Entered a labyrinth
 23564 | Lab      | Identified the Handbook of the Rocks
 23776 | Lair:1   | Learned a level 2 spell: Passwall
 24108 | D:11     | Noticed crawlian's ghost (novice DEFE)
 24116 | D:11     | Killed crawlian's ghost
 24338 | D:11     | Found a roughly hewn altar of Beogh.
 24425 | D:11     | Received a gift from Okawaru
 24426 | D:11     | Got a smoking cloak {god gift}
 24437 | D:11     | Identified the +0 cloak of the Wilderness {rC+ Regen+ Int+4} (Okawaru gifted it to you on level 11 of the Dungeon)
 24476 | D:11     | Slain by a titanic slime creature

Vault maps used:
D:1:      dpeg_arrival_lava_altar, glass_columns_a, minivault_14
D:2:      nemelex_xobeh_ov_fountains_minmay, uniq_iyjb, uniq_robin
D:3:      old_standard_altar, lemuel_round_altar
D:4:      kennysheep_little_box, uniq_eustachio, uniq_menkaure
D:5:      minmay_goblin_kobold_castle, kennysheep_mini_moat,
          lemuel_crystal_altar, first_bread, basic_altar, serial_bayou_pond_c,
          item_on_display_a
D:6:      lemuel_coloured_pillars_altar, lemuel_doored_altar, old_standard_altar
D:7:      grunt_dithmenos_shadows, kennysheep_mini, serial_shops,
          nicolae_shop_stone, grunt_ogre_cave, minivault_5
D:8:      nicolae_overflow_hidden_temple, uniq_joseph, uniq_psyche
D:9:      marbit_many_paths, lair_0_dummy, special_room, minmay_st_funbox,
          uniq_grum
D:11:     lab_entry_generic, nemelex_diamond_rough_becter, uniq_snorg
Temple:   nicolae_temple_figure_zero
Lair:1:   grunt_forest_small_clearing_treed, grunt_megastairs_4
Lair:2:   minmay_shoals_entry_centaurs, portal_ice_cave_demonic_guard
Lair:3:   gammafunk_lair_bear_cave, serial_bayou_shore_a
Lair:4:   statuecave_lemuel, nicolae_spider_entry_non_spiders,
          lemuel_fruit_fields, lemuel_fruit_fields
Lair:5:   slime_altar_1, special_room, enter_volcano_2,
          nicolae_quartered_pool_super, beast_lair_carwin_10
Lair:6:   evilmike_catoblepas_cave
Lab:      nicolae_lab_dead_adventurers, nicolae_lab_swirl, nicolae_lab_quarters,
          nicolae_lab_arrow, nicolae_lab_checkerboard

Skill      XL: |  1  2  3  4  5  6  7  8  9 10 11 12 13 14 |
---------------+-------------------------------------------+-----
Throwing       | 2 4 5 |  5.5
Dodging        | 3 4 5 6 8 9 10 12 | 12.6
Long Blades    | 3 4 5 7 8 10 11 12 13 | 13.5
Armour         | 1 2 3 4 5 |  5.5
Fighting       | 3 4 5 6 8 9 10 11 12 | 12.4
Stealth        | 1 3 4 5 6 7 |  7.8
Invocations    | 1 2 3 |  3.9
Evocations     | 1 |  1.1
Bows           | |  0.5

Action                   |  1- 3 |  4- 6 |  7- 9 | 10-12 | 13-15 || total
-------------------------+-------+-------+-------+-------+-------++-------
Melee: Long sword        |   158 |   229 |   652 |       |       ||  1039
       Kick              |    28 |    58 |   252 |   294 |   354 ||   986
       Great sword       |       |       |    60 |   600 |       ||   660
       Triple sword      |       |       |       |   190 |   748 ||   938
       Dagger            |       |       |       |       |    13 ||    13
       Punch             |       |       |       |       |     1 ||     1
 Fire: Shortbow          |       |       |     9 |       |       ||     9
       Blowgun           |       |       |       |    42 |    20 ||    62
Throw: Throwing net      |       |     3 |     1 |       |       ||     4
       Tomahawk          |       |       |     5 |    16 |    11 ||    32
       Javelin           |       |       |       |     6 |    12 ||    18
Invok: Heroism           |       |       |     1 |    12 |    11 ||    24
       Finesse           |       |       |       |       |     1 ||     1
Evoke: Wand              |       |       |       |     1 |     8 ||     9
  Use: Potion            |     5 |     3 |       |     1 |     1 ||    10
       Scroll            |       |     1 |     1 |    11 |     6 ||    19
 Stab: Sleeping          |       |     2 |    14 |    18 |     7 ||    41
       Distracted        |       |     1 |     2 |    10 |     8 ||    21
  Eat: Chunk             |     2 |     9 |    16 |    36 |    23 ||    86
Armor: Leather armour    |    32 |    39 |   183 |   153 |   188 ||   595
Dodge: Dodged            |    94 |   127 |   481 |   588 |   690 ||  1980
Block: Other             |       |       |       |       |    36 ||    36
